 Dungeon Crawl Stone Soup version 0.27-a0-29-g2d0a2396b0 (webtiles) character file.

Game seed: 1292973708661013824

93 hehateme the Sneak (level 4, -2/25 HPs)
             Began as a Kobold Enchanter on Jan 4, 2021.
             Slain by an adder (3 damage)
             ... on level 3 of the Dungeon.
             The game lasted 00:05:22 (3194 turns).

hehateme the Sneak (Kobold Enchanter)               Turns: 3194, Time: 00:05:23

Health: -2/25      AC:  3    Str:  5 (6)  XL:     4   Next: 91%
Magic:  1/7        EV: 15    Int: 15 (16) God:
Gold:   102        SH:  0    Dex: 12 (15) Spells: 4/7 levels left

rFire    . . .     SeeInvis .   a - +1 dagger
rCold    . . .     Faith    .   (shield restricted)
rNeg     . . .     Spirit   .   b - +0 robe
rPois    .         Reflect  .   (no helmet)
rElec    .         Harm     .   v - +0 cloak
rCorr    .         Rampage  .   (no gloves)
Will     .....                  (no boots)
Stlth    +++.......             (no amulet)
HPRegen  0.08/turn              (no ring)
MPRegen  0.10/turn              (no ring)

@: lethally poisoned (-2 -> -6)
A: small, nightstalker 3
a: no special abilities


You were on level 3 of the Dungeon.
You visited 1 branch of the dungeon, and saw 3 of its levels.

You collected 102 gold pieces.

Inventory:

Hand Weapons
 a - a +1 dagger (weapon)
Missiles
 g - 56 stones (quivered)
 i - 21 poisoned darts
 o - 2 atropa-tipped darts
 q - 71 arrows
 r - 10 boomerangs
 t - 6 javelins
 Q - 13 bolts
Armour
 b - a +0 robe (worn)
 v - a +0 cloak (worn)
Jewellery
 d - an uncursed ring of see invisible {unknown}
 j - a +6 ring of intelligence {unknown}
 k - an uncursed ring of stealth {unknown}
 w - a +6 ring of strength {unknown}
Scrolls
 h - a scroll of enchant armour {unknown}
 l - a scroll of remove curse {unknown}
 n - a scroll of fog {unknown}
 s - a scroll of identify {unknown}
 u - a scroll of noise {unknown}
Potions
 c - 3 potions of haste {unknown}
 e - 3 potions of curing {unknown}
 f - a potion of might {unknown}
 m - 2 potions of flight {unknown}
 p - a potion of heal wounds {unknown}
 z - a potion of brilliance {unknown}


   Skills:
 + Level 1.3 Fighting
 - Level 1.3 Short Blades
 + Level 3.2 Dodging
 - Level 4.0 Stealth
 - Level 2.1 Spellcasting
 * Level 3.9 Hexes
 * Level 2.2 Ice Magic


You had 4 spell levels left.
You knew the following spells:

 Your Spells              Type           Power        Failure   Level
a - Ensorcelled Hibernat  Hex/Ice        20%          10%         2
v - Corona                Hex            14%          4%          1

Your spell library contained the following spells:

 Spells                   Type           Power        Failure   Level
 Slow                     Hex            13%          7%          2
 Confusing Touch          Hex            13%          13%         3
 Tukima's Dance           Hex            13%          13%         3
 Animate Skeleton         Necr           2%           22%         1
 Magic Dart               Conj           4%           22%         1
 Pain                     Necr           4%           22%         1
 Dazzling Flash           Conj/Hex       14%          28%         3
 Blink                    Tloc           N/A          32%         2
 Call Imp                 Summ           1%           32%         2
 Conjure Flame            Conj/Fire      1%           54%         3
 Mephitic Cloud           Conj/Pois/Air  1%           54%         3
 Vampiric Draining        Necr           0%           54%         3
 Animate Dead             Necr           0%           91%         4
 Agony                    Necr           1%           99%         5


Dungeon Overview and Level Annotations

Branches:
Dungeon (3/15)

Altars:
Makhleb
Okawaru


Innate Abilities, Weirdness & Mutations

You are small and have problems with some larger weapons.
You are completely attuned to the shadows.


Message History

You take 5 damage, and have 11/25 hp.
You now have 0/7 mp.
You hit the adder. The adder completely misses you.
You hit the adder but do no damage.
You feel sick. The adder bites you.
* * * LOW HITPOINT WARNING * * *
You take 4 damage, and have 7/25 hp.
You miss the adder. The adder misses you. The adder bites you.
* * * LOW HITPOINT WARNING * * *
You take 2 damage, and have 5/25 hp.
You hit the adder. The adder bites you.
* * * LOW HITPOINT WARNING * * *
You take 3 damage, and have 2/25 hp.
You closely miss the adder.
* * * LOW HITPOINT WARNING * * *
You feel sick. The adder closely misses you.
You take 1 damage, and have 1/25 hp.
It was a potion of degeneration.
There was something very wrong with that liquid.
You feel weakened.
You feel dopey.
You feel clumsy. The adder bites you.
You die...

#........## #.#
.... #.........#
#)# w...
####.........# #.#
....
.)...........###.#
......)†......##.#
............#.##.#
##..........#.##.#
#...########.##.#
#...# #..#@# #...#
##.#S# #...#
#...... #...###
#...# #..>#

Skill      XL: |  1  2  3  4 |
---------------+-------------+-----
Ice Magic      | 1 2 |  2.2
Fighting       | 1 |  1.3
Dodging        | 3 |  3.2
Short Blades   | |  1.3
Stealth        | |  4.0
Spellcasting   | |  2.1
Hexes          | |  3.9

Notes
Turn   | Place    | Note
-------+----------+-------------------------------------------
     0 | D:1      | hehateme the Kobold Enchanter began the quest for the Orb.
     0 | D:1      | Reached XP level 1. HP: 10/10 MP: 3/3
    97 | D:1      | Reached XP level 2. HP: 16/16 MP: 5/5
   433 | D:1      | Reached skill level 1 in Ice Magic
   436 | D:1      | Learned a level 2 spell: Ensorcelled Hibernation
   770 | D:1      | Reached XP level 3. HP: 20/20 MP: 6/6
   966 | D:2      | Reached skill level 1 in Fighting
  1424 | D:2      | Found a burning altar of Makhleb.
  1545 | D:2      | Reached skill level 3 in Dodging
  1669 | D:2      | Reached XP level 4. HP: 25/25 MP: 7/7
  1819 | D:2      | Found an iron altar of Okawaru.
  2543 | D:3      | Reached skill level 2 in Ice Magic
  2565 | D:3      | Noticed Robin
  3113 | D:3      | Killed Robin
  3191 | D:3      | HP: 5/25 [adder (2)]
  3192 | D:3      | HP: 2/25 [adder (3)]
  3194 | D:3      | Slain by an adder

Table legend: (Time is in decaauts)
 A = Elapsed time spent in this place.
 B = Non-inter-level travel time spent in this place.
 C = Inter-level travel time spent in this place.
 D = Time resting spent in this place.
 E = Time spent auto-exploring this place.
 F = Levels seen in this place.
 G = Mean time per level.
                   A        B        C        D        E       F      G
               +--------+--------+--------+--------+--------+-----+--------+
         Total |   3182 |   3160 |     22 |    264 |   2157 |   3 | 1060.7 |
       Dungeon |   3182 |   3160 |     22 |    264 |   2157 |   3 | 1060.7 |
               +--------+--------+--------+--------+--------+-----+--------+

Top non-repeatable levels by time:
     D:2: 1302 daAuts
     D:3: 1039 daAuts
     D:1: 841 daAuts

Table legend:
 A = Kills in this place as a percentage of kills in entire the game.
 B = Kills by you in this place as a percentage of kills by you in the entire game.
 C = Kills by friends in this place as a percentage of kills by friends in the entire game.
 D = Other kills in this place as a percentage of other kills in the entire game.
 E = Experience gained in this place as a percentage of experience gained in the entire game.
 F = Experience gained in this place divided by the number of levels of this place that you have seen.
                   A       B       C       D       E      F
               +-------+-------+-------+-------+-------+----------------------
         Total | 100.0 | 100.0 |   N/A |   N/A | 100.0 |  44.3
       Dungeon | 100.0 | 100.0 |   N/A |   N/A | 100.0 |  44.3
               +-------+-------+-------+-------+-------+----------------------

Action                   |  1- 3 |  4- 6 || total
-------------------------+-------+-------++-------
Melee: Dagger            |   128 |    64 ||   192
 Cast: Ensorcelled Hiber |    14 |    24 ||    38
  Use: Potion            |       |     1 ||     1
 Stab: Sleeping          |    30 |    21 ||    51
Armor: Robe              |    10 |     8 ||    18
Dodge: Dodged            |    84 |    58 ||   142

Vanquished Creatures
  Robin (D:3)
  3 worms
  A dart slug (D:2)
  2 leopard geckos
  A ball python (D:2)
  6 bats
  5 giant cockroaches
  13 goblins
  6 hobgoblins
  3 jackals (D:3)
  2 quokkas (D:2)
  6 frilled lizards
  8 kobolds
  8 rats
65 creatures vanquished. You could see an adder.

Levels and vault maps discovered:
D:1:      amcnicky_arrival_feature_with_door, layout_basic
D:2:      layout_rooms, okawaru_gym_becter, bloody_makhleb, lemuel_tele_altar
D:3:      minmay_diamond_boxcup, layout_basic, general_overflow_altar,
          roderic_serpentine_path, uniq_robin
